 Dungeon Crawl Stone Soup version 0.30-a0-996-ga6910c8ee8 (webtiles) character file.

Game seed: 8850900307880512091

665 Ghostmaker01 the Chopper (level 7, -2/61 HPs)
             Began as a Minotaur Fighter on Apr 4, 2023.
             Slain by a phantom (5 damage)
             ... on level 4 of the Dungeon.
             The game lasted 00:07:06 (3158 turns).

Ghostmaker01 the Chopper (Minotaur Fighter)         Turns: 3158, Time: 00:07:07

Health: -2/61      AC:  8    Str: 23    XL:     7   Next: 31%
Magic:  6/6        EV: 10    Int:  5    God:
Gold:   162        SH:  4    Dex:  9    Spells: 6/6 levels left

rFire   . . .      SeeInvis .    a - +0 war axe
rCold   . . .      Faith    .    c - +0 buckler
rNeg    . . .      Spirit   .    l - +2 ring mail {rPois}
rPois   +          Reflect  .    (helmet restricted)
rElec   .          Rampage  .    (no cloak)
rCorr   +                        (no gloves)
Will    .....                    (no boots)
Stlth   +                        (no amulet)
HPRegen 0.30/turn                r - ring of resist corrosion
MPRegen 0.10/turn                (no ring)

@: no status effects
A: horns 2, retaliatory headbutt
a: no special abilities


You were on level 4 of the Dungeon.
You visited 1 branch of the dungeon, and saw 4 of its levels.

You collected 162 gold pieces.

Inventory:

Hand Weapons
 a - a +0 war axe (weapon)
Armour
 b - a +0 scale mail
 c - a +0 buckler (worn)
 l - a +2 ring mail of poison resistance (worn)
Magical Staves
 x - a staff of conjuration
Jewellery
 r - a ring of resist corrosion (left hand)
 s - a ring of willpower
 u - a +6 ring of intelligence
 v - a ring of willpower
 w - a +5 ring of evasion
Wands
 y - a wand of polymorph (4)
 C - a wand of roots (5)
Scrolls
 e - a scroll of fog {unknown}
 f - 3 scrolls of enchant armour {unknown}
 g - 3 scrolls of identify {unknown}
 h - a scroll of noise {unknown}
 j - 2 scrolls of amnesia {unknown}
 m - 3 scrolls of teleportation {unknown}
 p - a scroll of enchant weapon {unknown}
 q - 2 scrolls of immolation {unknown}
 z - a scroll of fear {unknown}
 A - a scroll of poison {unknown}
Potions
 d - 3 potions of might
 i - a potion of attraction {unknown}
 k - 3 potions of berserk rage {unknown}
 n - a potion of mutation {unknown}
 o - 2 potions of curing
 t - a potion of invisibility {unknown}
 B - a potion of haste {unknown}


   Skills:
 + Level 5.0 Fighting
 + Level 6.9 Axes
 + Level 5.2 Armour
 + Level 1.7 Dodging
 + Level 1.1 Stealth
 + Level 5.2 Shields


You had 6 spell levels left.
You didn't know any spells.
Your spell library contained the following spells:

 Spells                   Type           Power      Damage    Failure   Level
 Lesser Beckoning         Tloc           0%         N/A       85%         2
 Gell's Gravitas          Tloc           0%         N/A       97%         3
 Ignite Poison            Fire/Tmut/Pois 0%         N/A       97%         3
 Kindle Blastsparks       Fire/Tloc/Air  0%         2d10      97%         3
 Teleport Other           Tloc           0%         N/A       97%         3
 Freezing Cloud           Conj/Ice/Air   0%         6-21      100%        5


Dungeon Overview and Level Annotations

Branches:
Dungeon (4/15)
 Temple: D:4-7

Altars:
Gozag

Shops:
D:1 [:?[*


Innate Abilities, Weirdness & Mutations

You have a pair of horns on your head.
You reflexively headbutt those who attack you in melee.


Message History

You hit the black bear. Your headbutt misses the black bear.
The black bear is almost dead.
The black bear closely misses you. The black bear claws you.
You block the black bear's attack. The black bear closely misses you.
The black bear claws you.
The black bear claws you but does no damage.
You are too injured to fight recklessly!
You are too injured to fight recklessly!
You are too injured to fight recklessly!
You are too injured to fight recklessly!
You are too injured to fight recklessly!
You are too injured to fight recklessly!
You are too injured to fight recklessly!
You are too injured to fight recklessly!
You are too injured to fight recklessly!
You are too injured to fight recklessly!
You are too injured to fight recklessly!
You hit the black bear.
The black bear is almost dead.
The black bear bites you! The black bear claws you.
* * * LOW HITPOINT WARNING * * *
The black bear claws you.
* * * LOW HITPOINT WARNING * * *
The black bear bites you!
* * * LOW HITPOINT WARNING * * *
The black bear claws you.
* * * LOW HITPOINT WARNING * * *
The black bear claws you but does no damage.
Aiming: Fastroot
Press: ? - help, Shift-Dir - straight line The roots erupt in riotous growth!
Roots grab the black bear.
The phantom is unaffected.
The grasping roots constrict the black bear.
You kill the black bear!
Your Fighting skill increases to level 5!
You closely miss the phantom. You headbutt the phantom!
The phantom is heavily damaged.
The phantom hits you.
You die...

.###.# #.......#.# .#
#.####..#.####.# .#
#.#.....#......# .#
#.#.###.#.############
.###.#.#................#
..)..#.#.#.#.##########.#
...............#.. ...#.#
.......#...#..##W#....#.#
########.....)##@.....#.#
...#..............#.#.#
####.#...############ #.#
......<.......# #.#
...#.#...####.#######.#.#
.....#...####.........#.#
..####.###......#######.#
................'...)...#
..####.###......#########


You could see a phantom.

Vanquished Creatures
  A black bear (D:4)
  A scorpion (D:4)
  2 hounds (D:4)
  An orc priest (D:3)
  A jelly (D:4)
  Terence (D:2)
  2 iguanas
  Natasha (thrice) (D:3)
  A gnoll (D:4)
  10 adders
  12 dart slugs
  5 orcs
  4 bats
  5 endoplasms
  A giant cockroach (D:1)
  6 goblins
  7 hobgoblins
  16 jackals
  8 kobolds
  2 quokkas
  6 ball pythons
  5 frilled lizards
  5 rats
105 creatures vanquished.

Vanquished Creatures (others)
  An orc wizard (D:3)
  A plant (D:2)
2 creatures vanquished.

Grand Total: 107 creatures vanquished

Notes
Turn   | Place    | Note
-------+----------+-------------------------------------------
     0 | D:1      | Ghostmaker01 the Minotaur Fighter began the quest for the
                  | Orb.
     0 | D:1      | Reached XP level 1. HP: 19/19 MP: 0/0
    21 | D:1      | Found Nyj Afom's Armour Shoppe.
    26 | D:1      | Found Cusiamuq's Book Emporium.
    98 | D:1      | Reached XP level 2. HP: 27/27 MP: 1/1
   110 | D:1      | Found Cahekush's Armour Boutique.
   158 | D:1      | Found Eximpaxeu's Assorted Antiques.
   265 | D:1      | Found Azaoxain's Magic Scroll Boutique.
   426 | D:1      | Found a faded altar of an unknown god.
   755 | D:2      | Reached XP level 3. HP: 29/33 MP: 2/2
   827 | D:2      | Reached skill level 3 in Axes
   907 | D:2      | Noticed Terence
   909 | D:2      | Reached XP level 4. HP: 40/40 MP: 3/3
   918 | D:2      | Killed Terence
  1036 | D:2      | Reached skill level 4 in Axes
  1480 | D:3      | Reached XP level 5. HP: 43/47 MP: 4/4
  1499 | D:3      | Reached skill level 1 in Dodging
  1711 | D:3      | Reached skill level 5 in Axes
  2065 | D:3      | Reached XP level 6. HP: 53/53 MP: 5/5
  2176 | D:3      | Found an opulent altar of Gozag.
  2187 | D:3      | Noticed Natasha
  2192 | D:3      | Killed Natasha
  2193 | D:3      | Reached skill level 1 in Stealth
  2255 | D:3      | Noticed Natasha
  2271 | D:3      | Killed Natasha
  2509 | D:3      | Noticed Natasha
  2518 | D:3      | Killed Natasha
  2612 | D:4      | Reached skill level 6 in Axes
  2612 | D:4      | Reached skill level 5 in Armour
  2847 | D:4      | Reached skill level 5 in Shields
  2965 | D:4      | Reached XP level 7. HP: 58/60 MP: 6/6
  3156 | D:4      | HP: 2/60 [black bear (3)]
  3158 | D:4      | Reached skill level 5 in Fighting
  3158 | D:4      | Slain by a phantom

Illustrated notes

Levels and vault maps discovered:
D:1:      heliophobic_arrival_enchanted_forest, layout_basic,
          shapermc_ecumenical_altar_venn, serial_shops, shop, shop,
          nicolae_shop_crystal, nicolae_shop_statue_plus,
          nicolae_shop_statue_plus
D:2:      layout_rooms, corexii_shack, uniq_terence
D:3:      kennysheep_slugbush, layout_rooms, grunt_gozag_statues,
          serial_corexii_hall, corexii_hall_statues_l,
          chequers_hall_statues_wall_a, minmay_shallow_snake_nest, uniq_natasha
D:4:      layout_basic, cheibrodos_gnoll_hut

Skill      XL: |  1  2  3  4  5  6  7 |
---------------+----------------------+-----
Shields        | 4 5 |  5.2
Armour         | 4 5 |  5.2
Fighting       | 4 5 |  5.0
Axes           | 3 4 5 6 |  6.9
Dodging        | 1 |  1.7
Stealth        | 1 |  1.1

Action                     |  1- 3 |  4- 6 |  7- 9 || total
---------------------------+-------+-------+-------++-------
  Melee: War axe           |    69 |   175 |    19 ||   263
         Headbutt          |     8 |    20 |     6 ||    34
  Evoke: Wand              |       |       |     1 ||     1
    Use: Potion            |       |     1 |       ||     1
 Armour: Scale mail        |    20 |       |       ||    20
         Ring mail         |    14 |    79 |    16 ||   109
  Dodge: Dodged            |    31 |   107 |    12 ||   150
  Block: Buckler           |    19 |    45 |     4 ||    68

Table legend: (Time is in decaauts)
 A = Elapsed time spent in this place.
 B = Non-inter-level travel time spent in this place.
 C = Inter-level travel time spent in this place.
 D = Time resting spent in this place.
 E = Time spent auto-exploring this place.
 F = Levels seen in this place.
 G = Mean time per level.
                   A        B        C        D        E       F      G
               +--------+--------+--------+--------+--------+-----+--------+
         Total |   3282 |   3062 |    220 |      0 |   2284 |   4 |  820.5 |
       Dungeon |   3282 |   3062 |    220 |      0 |   2284 |   4 |  820.5 |
               +--------+--------+--------+--------+--------+-----+--------+

Top non-repeatable levels by time:
     D:3: 1254 daAuts
     D:1: 757 daAuts
     D:2: 639 daAuts
     D:4: 629 daAuts
